 Dungeon Crawl Stone Soup version 0.16-a0-1858-gba9b1e2 (webtiles) character file.

107 RobertPalmer the Insei (level 4, 0/32 HPs)
             Began as a Demonspawn Transmuter on Nov 4, 2014.
             Slain by Grinder (5 damage)
             ... on level 3 of the Dungeon.
             The game lasted 00:04:04 (3329 turns).

RobertPalmer the Insei (Demonspawn Transmuter)      Turns: 3329, Time: 00:04:05

Health: 0/32       AC:  5    Str: 10    XL:     4   Next: 57%
Magic:  7/7        EV: 12    Int: 20    God:
Gold:   147        SH:  0    Dex: 14    Spells: 1 memorised, 6 levels left

rFire  + . .     SeeInvis .       - Unarmed
rCold  + . .     Clarity  .     c - +0 robe
rNeg   . . .     SustAb   .     (no shield)
rPois  +         Gourm    .     g - +2 hat
rElec  +         Spirit   .     (no cloak)
rCorr  +         Warding  .     q - +0 pair of gloves
rMut   .         Stasis   .     (no boots)
MR     .....                    (no amulet)
Stlth  +.........               (no ring)
                                (no ring)

@: confused, brilliant, resistant, not resistant to hostile enchantments, very
unstealthy
A: hooves 1, demonic guardian 1
a: no special abilities


You were on level 3 of the Dungeon.
You were not hungry.

You visited 1 branch of the dungeon, and saw 3 of its levels.

You collected 147 gold pieces.


Innate Abilities, Weirdness & Mutations

You have large cloven feet.
A weak demonic guardian rushes to your aid.


   Skills:
 - Level 1.0 Fighting
 - Level 1.7 Dodging
 + Level 4.9 Unarmed Combat
 - Level 2.0 Spellcasting
 - Level 1.7 Transmutations


You had 6 spell levels left.
You knew the following spells:

 Your Spells              Type           Power        Failure   Level  Hunger
z - Beastly Appendage     Trmt           ###...       1%          1    #......

Inventory:

Missiles
 b - 20 arrows
Armour
 c - a +0 robe (worn)
 g - a +2 hat (worn)
 q - a +0 pair of gloves (worn)
Jewellery
 x - an uncursed ring of magical power {unknown}
Scrolls
 h - 3 scrolls of identify {unknown}
 i - a scroll of recharging {unknown}
 j - a scroll of immolation {unknown}
 l - 3 scrolls of remove curse {unknown}
 m - a scroll of fog {unknown}
 n - a scroll of magic mapping {unknown}
 p - 2 scrolls of enchant weapon {unknown}
 r - a scroll of noise {unknown}
 t - a scroll of enchant armour {unknown}
Potions
 f - 2 potions of resistance
 k - a potion of restore abilities {unknown}
 s - a potion of heal wounds {unknown}
 u - a potion of curing {unknown}
Books
 d - a book of Changes
Comestibles
 a - a bread ration
 v - a chunk of flesh {@w1}

Dungeon Overview and Level Annotations

Branches:
Dungeon (3/15)

Altars:

Annotations:
D:3 Grinder

## #...........
#..........
#......... #.........
#......... #.[.......
.##########.........
....................#
........@##########.
.......55# ........#
........# ........#
.......# ......#
.....# ..#


You could see Grinder and a friendly quasit.


Message History

Okay, then.
You are already empty-handed.
Unknown command.
Wield which item (- for none, * to show all)? (? for menu, Esc to quit)
b - 20 arrows (in hand) Grinder drinks a potion.
Grinder seems to speed up.
Okay, then.
Wield which item (- for none, * to show all)? (? for menu, Esc to quit)
You are now empty-handed.
Drink which item? (? for menu, Esc to quit)
You feel protected.
It was a potion of resistance.
Drink which item? (? for menu, Esc to quit)
You are confused.
It was a potion of confusion.
Grinder hits you.
You writhe in agony.
Your quasit claws Grinder.
Grinder hits you!
* * * LOW HITPOINT WARNING * * *
Drink which item? (? for menu, Esc to quit)
You feel clever all of a sudden.
It was a potion of brilliance.
Grinder barely misses you.
Your quasit bites Grinder.
Drink which item? (? for menu, Esc to quit)
You feel slightly nauseous.
It was a potion of poison.
Grinder gestures at you. Pain shoots through your body!
* * * LOW HITPOINT WARNING * * *
Your quasit bites Grinder.
Grinder hits you.
* * * LOW HITPOINT WARNING * * *
You writhe in agony.
You die...

Action                   |  1- 3 |  4- 6 || total
-------------------------+-------+-------++-------
Melee: Unarmed           |   165 |    26 ||   191
 Cast: Beastly Appendage |     7 |     4 ||    11
  Use: Potion            |       |     4 ||     4
  Eat: Chunk             |     5 |       ||     5
       Bread ration      |       |     1 ||     1

Vault maps used:
D:1:      dpeg_arrival_snail
D:2:      minmay_goblin_kobold_house
D:3:      uniq_grinder, uniq_terence, uniq_natasha

Notes
Turn   | Place    | Note
--------------------------------------------------------------
     0 | D:1      | RobertPalmer, the Demonspawn Transmuter, began the quest for the Orb.
     0 | D:1      | Reached XP level 1. HP: 15/15 MP: 3/3
   280 | D:1      | Reached skill level 3 in Unarmed Combat
   620 | D:1      | Gained mutation: You have large cloven feet. [demonic ancestry]
   620 | D:1      | Reached XP level 2. HP: 12/21 MP: 4/4
   894 | D:1      | HP: 2/21 [poisoned by an adder]
  1521 | D:1      | Gained mutation: A weak demonic guardian rushes to your aid. [demonic ancestry]
  1521 | D:1      | Reached XP level 3. HP: 23/26 MP: 6/6
  2214 | D:2      | Reached skill level 4 in Unarmed Combat
  2800 | D:2      | Reached XP level 4. HP: 28/32 MP: 4/7
  3321 | D:3      | Noticed Grinder
  3321 | D:3      | Paralysed by Grinder for 3 turns
  3326 | D:3      | Identified 3 potions of resistance
  3329 | D:3      | Slain by Grinder

Vanquished Creatures
  3 adders
  A worm (D:2)
  2 giant geckos
  An orc (D:3)
  5 bats
  A giant cockroach (D:1)
  A hobgoblin (D:1)
  6 jackals
  2 giant newts
  8 goblins
  10 kobolds
  3 rats
43 creatures vanquished.

Vanquished Creatures (collateral kills)
  A scorpion (D:3)
1 creature vanquished.

Vanquished Creatures (others)
  An ufetubus (D:3)
1 creature vanquished.

Grand Total: 45 creatures vanquished
